 Seeded DCSS version 0.27-a0-1006-g1fd4cec11e (webtiles) character file.

Game seed: 20210418 (custom seed)

2234 Snicker the Sneak (level 9, -2/65 HPs)
             Began as a Demonspawn Brigand on Apr 18, 2021.
             Was an Initiate of Gozag.
             Engulfed by a steam dragon's steam (5 damage)
             ... on level 8 of the Dungeon.
             The game lasted 00:22:28 (8332 turns).

Snicker the Sneak (Demonspawn Brigand)              Turns: 8332, Time: 00:22:29

Health: -2/65      AC: 12    Str: 11    XL:     9   Next: 14%
Magic:  10/18      EV: 13    Int: 13    God:    Gozag
Gold:   151        SH:  0    Dex: 18    Spells: 5/8 levels left

rFire    . . .     SeeInvis .   b - +7 quarterstaff "Pywuvij" {spect, rPois rC- rN++ MP+9}
rCold    x . .     Faith    .   (shield currently unavailable)
rNeg     + + .     Spirit   .   p - +0 leather armour
rPois    +         Reflect  .   (helmet restricted)
rElec    .         Harm     .   c - +1 cloak
rCorr    .         Rampage  .   o - +0 pair of gloves
Will     .....                  (no boots)
Stlth    ++++......             (no amulet)
HPRegen  0.20/turn              (no ring)
MPRegen  0.16/turn              (no ring)

@: sanguine armoured
A: horns 1, powered by death 2, sanguine armour 1
a: Renounce Religion, Potion Petition, Call Merchant, Bribe Branch


You were on level 8 of the Dungeon.
You worshipped Gozag.
Gozag was aware of your devotion.
You visited 1 branch of the dungeon, and saw 8 of its levels.
You also visited: Sewer.

You collected 602 gold pieces.
You spent 374 gold pieces at shops.
You paid 77 gold pieces to Gozag.

Inventory:

Hand Weapons
 a - a +2 dagger of venom
 b - the +7 quarterstaff "Pywuvij" (weapon) {spect, rPois rC- rN++ MP+9}
   (You bought it in a shop on level 4 of the Dungeon)

   When it strikes, its spirit leaps out and fights alongside the wielder.
   It makes you vulnerable to cold.
   It protects you from poison.
   It greatly protects you from negative energy.
   It affects your magic capacity (+9).
 t - a +1 dagger of protection
 B - a +1 dagger of draining
 C - the +4 falchion of Dumot {vorpal, rElec Int+4}
   (You bought it in a shop on level 4 of the Dungeon)

   It inflicts extra damage upon your enemies.
   It affects your intelligence (+4).
   It insulates you from electricity.
 J - a +2 vorpal dagger
Missiles
 d - 44 poisoned darts
 e - a curare-tipped dart (quivered)
 v - 6 atropa-tipped darts
 K - a throwing net
Armour
 c - a +1 cloak (worn)
 l - a +0 robe
 o - a +0 pair of gloves (worn)
 p - a +0 leather armour (worn)
Jewellery
 j - a ring of flight
Wands
 y - a wand of flame (7)
Scrolls
 f - 2 scrolls of teleportation
 g - a scroll of fog {unknown}
 h - 2 scrolls of amnesia
 m - a scroll of torment {unknown}
 n - 6 scrolls of magic mapping {unknown}
 r - 4 scrolls of identify
 z - 2 scrolls of blinking {unknown}
 A - 6 scrolls of noise {unknown}
 F - a scroll of immolation {unknown}
 G - 2 scrolls of enchant weapon {unknown}
Potions
 i - a potion of curing
 k - 2 potions of degeneration {unknown}
 q - a potion of invisibility {unknown}
 s - a potion of berserk rage {unknown}
 u - a potion of attraction {unknown}
 w - 2 potions of magic {unknown}
 x - a potion of lignification {unknown}
 D - 2 potions of resistance {unknown}
 E - a potion of heal wounds {unknown}
 H - a potion of haste {unknown}
 I - a potion of might {unknown}
 L - a potion of cancellation {unknown}


   Skills:
 + Level 4.0 Fighting
 * Level 7.0 Short Blades
 * Level 1.6 Staves
 + Level 2.0 Throwing
 + Level 3.0 Armour
 + Level 3.7 Dodging
 * Level 7.4 Stealth


You had 5 spell levels left.
You knew the following spells:

 Your Spells              Type           Power      Damage    Failure   Level
a - Frozen Ramparts       Ice            0%         1d2       75%         3

Your spell library contained the following spells:

 Spells                   Type           Power      Damage    Failure   Level
 Animate Skeleton         Necr           0%         N/A       36%         1
 Corona                   Hex            0%         N/A       36%         1
 Freeze                   Ice            0%         1d3       36%         1
 Pain                     Necr           0%         1d4       36%         1
 Corpse Rot               Necr/Air       N/A        N/A       52%         2
 Ensorcelled Hibernation  Hex/Ice        0%         N/A       52%         2
 Confusing Touch          Hex            0%         N/A       75%         3
 Dazzling Flash           Conj/Hex       0%         N/A       75%         3
 Ozocubu's Armour         Ice            0%         N/A       75%         3
 Stone Arrow              Conj/Erth      0%         3d7       75%         3
 Tukima's Dance           Hex            0%         N/A       75%         3
 Vampiric Draining        Necr           0%         2d6       75%         3
 Animate Dead             Necr           0%         N/A       98%         4
 Hailstorm                Conj/Ice       0%         3d3       98%         4
 Agony                    Necr           0%         N/A       100%        5
 Hydra Form               Tmut           0%         N/A       100%        5
 Metabolic Englaciation   Hex/Ice        0%         N/A       100%        5
 Summon Forest            Summ/Tloc      0%         N/A       100%        5
 Eringya's Noxious Bog    Tmut/Pois      0%         N/A       100%        6
 Summon Hydra             Summ           0%         N/A       100%        7


Dungeon Overview and Level Annotations

Branches:
Dungeon (8/15)             Temple (0/1) D:5           Sewer (visited)
   Lair: D:8-11

Altars:
Fedhas
Gozag
Hepliaklqana
Kikubaaqudgha
Makhleb
Sif Muna
Uskayaw
Xom
The Shining One

Shops:
D:4 (   D:5 *

Annotations:
D:8 Harold


Innate Abilities, Weirdness & Mutations

You have a pair of small horns on your head.
You regenerate health from kills.
When seriously injured, your bleeding wounds create armour. (AC +6)


Message History

You are engulfed in a cloud of scalding steam.
Your blood congeals into armour.
You struggle against the net.
The steam dragon breathes steam at you. The ball of steam hits you!!
You tear a large gash into the net.
You are engulfed in a cloud of scalding steam.
The steam dragon bites you but does no damage.
The steam dragon claws you but does no damage.
You rip the net and break free!
You are engulfed in a cloud of scalding steam.
The steam dragon bites you.
* * * LOW HITPOINT WARNING * * *
The steam dragon barely misses you.
You feel better.
You are engulfed in a cloud of scalding steam.
* * * LOW HITPOINT WARNING * * *
The steam dragon barely misses you.
The steam dragon claws you but does no damage.
Harold barely misses you.
Unknown command.
The steam dragon breathes steam at you. The ball of steam hits you!
* * * LOW HITPOINT WARNING * * *
There is an open door here.
You feel better.
You are engulfed in a cloud of scalding steam.
Unknown command.
You are engulfed in a cloud of scalding steam.
You closely miss the steam dragon. The steam dragon closely misses you.
The steam dragon claws you but does no damage.
You feel better. The steam dragon breathes steam at you.
The ball of steam hits you!
* * * LOW HITPOINT WARNING * * *
You hit the steam dragon.
The steam dragon is moderately wounded.
You are engulfed in a cloud of scalding steam.
You die...
Your body crumbles into a pile of gold.

#.........#
#.........#
#.........#
#.........+
#.........#
#.........#
#....#
#....######
#....@D@ยงยง#
#....####.#
#....####.##
#...........#
#...........#
#...........#
##########.##
#.........#
#[........#


You could see Harold and a steam dragon (catching breath).

Vanquished Creatures
  Sigmund (D:2)
  2 steam dragons
  An acid dragon (D:8)
  A hornet zombie (D:8)
  2 ogres
  A centaur (D:5)
  2 phantoms
  2 bullfrogs (Sewer)
  A scorpion (D:5)
  A water moccasin skeleton (D:7)
  3 killer bees (D:8)
  A howler monkey (D:4)
  2 centaur zombies (D:7)
  3 hounds
  4 jellies
  A bullfrog zombie (D:6)
  An orc priest (D:4)
  A gnoll shaman (D:7)
  2 iguanas
  2 orc wizards (D:6)
  A killer bee zombie (D:7)
  10 gnolls
  6 adders
  3 river rats (D:5)
  A white imp (D:7)
  4 worms
  A dart slug (D:1)
  25 orcs
  2 bats (D:2)
  17 endoplasms
  10 giant cockroaches
  3 goblins
  8 hobgoblins
  5 quokkas
  10 ball pythons
  7 frilled lizards
  A jackal skeleton (D:4)
  14 kobolds
  A quokka skeleton (D:4)
  8 rats
171 creatures vanquished.

Vanquished Creatures (others)
  5 fungi (D:2)
  5 toadstools (D:2)
10 creatures vanquished.

Grand Total: 181 creatures vanquished

Notes
Turn   | Place    | Note
-------+----------+-------------------------------------------
     0 | D:1      | Snicker the Demonspawn Brigand began the quest for the Orb.
     0 | D:1      | Reached XP level 1. HP: 16/16 MP: 1/1
   236 | D:1      | Found a faded altar of an unknown god.
   252 | D:1      | Gained mutation: You regenerate a little health from kills.
                  | [demonic ancestry]
   252 | D:1      | Reached XP level 2. HP: 22/22 MP: 2/2
   395 | D:1      | Reached skill level 1 in Dodging
   482 | D:1      | Gained mutation: When seriously injured, your bleeding
                  | wounds create armour. (AC +6) [demonic ancestry]
   482 | D:1      | Reached XP level 3. HP: 12/27 MP: 3/3
  1642 | D:2      | Noticed Sigmund
  1675 | D:2      | Killed Sigmund
  1676 | D:2      | Reached skill level 5 in Stealth
  1676 | D:2      | Gained mutation: You have a pair of small horns on your
                  | head. [demonic ancestry]
  1676 | D:2      | Reached XP level 4. HP: 15/34 MP: 4/4
  1676 | D:2      | Reached XP level 5. HP: 17/39 MP: 5/5
  2440 | D:2      | Gained mutation: You regenerate health from kills. [demonic
                  | ancestry]
  2440 | D:2      | Reached XP level 6. HP: 32/46 MP: 6/6
  2923 | D:3      | Found a blossoming altar of Fedhas.
  3017 | D:3      | Found a hide-covered altar of Uskayaw.
  3081 | D:3      | Learned a level 3 spell: Frozen Ramparts
  3537 | D:4      | Found Leosaidi's Antique Weapon Boutique.
  4218 | D:4      | Found a hazy altar of Hepliaklqana.
  4270 | D:4      | Reached XP level 7. HP: 45/51 MP: 7/7
  4550 | D:5      | Entered Level 5 of the Dungeon
  4735 | D:5      | Reached skill level 1 in Armour
  4811 | D:5      | Found a staircase to the Ecumenical Temple.
  4882 | D:5      | Reached skill level 5 in Short Blades
  4966 | D:5      | Found Qiotz's Lightly-Used Armoury.
  5154 | D:5      | Found a glowing drain.
  5159 | Sewer    | Entered a sewer
  5436 | Sewer    | Reached XP level 8. HP: 45/58 MP: 8/8
  5922 | D:6      | Found an opulent altar of Gozag.
  5938 | D:6      | Became a worshipper of Gozag Ym Sagoz the Greedy
  6438 | D:6      | Found an ancient bone altar of Kikubaaqudgha.
  6564 | D:4      | Bought an ichor-stained falchion for 176 gold pieces
  6564 | D:4      | Identified the +4 falchion of Dumot {vorpal, rElec Int+4}
                  | (You bought it in a shop on level 4 of the Dungeon)
  6956 | D:7      | Found a shimmering blue altar of Sif Muna.
  7357 | D:4      | Bought a pitted quarterstaff for 198 gold pieces
  7357 | D:4      | Identified the +7 quarterstaff "Pywuvij" {spect, rPois rC-
                  | rN++ MP+9} (You bought it in a shop on level 4 of the
                  | Dungeon)
  7677 | D:7      | Found a burning altar of Makhleb.
  7693 | D:7      | Found a shimmering altar of Xom.
  8001 | D:8      | Reached XP level 9. HP: 35/65 MP: 9/9
  8008 | D:8      | Reached skill level 1 in Staves
  8317 | D:8      | Noticed Harold
  8331 | D:8      | HP: 3/65 [steam dragon/ball of steam (16)]
  8332 | D:8      | Engulfed by a steam dragon's steam

Illustrated notes

Levels and vault maps discovered:
D:1:      saegor_arrival_simple_d, layout_basic,
          hellmonk_ecumenical_altar_heavens_door
D:2:      cheibrodos_fertilizer, layout_loops_cross, uniq_sigmund
D:3:      layout_loops_cross, fedhas_ov_isle_minmay, nicolae_uskayaw_dance_hall,
          minmay_misc_feat_rows, chequers_arboretum
D:4:      layout_basic, marbit_many_paths, serial_shops, nicolae_shop_stone
D:5:      layout_rooms, minmay_temple_entry_purple_smoke, portal_sewer_entry_e,
          minmay_shop_damaged, kennysheep_generic_room_3
D:6:      layout_loops_ring, lemuel_doored_altar, kiku_gazebo_garden_becter,
          nrook_loot_triangle
D:7:      layout_rooms, nicolae_sif_muna_condensation,
          gammafunk_temple_overflow_statue, kennysheep_mini_moat
D:8:      layout_basic, lemuel_crystal_altar, old_standard_altar,
          lemuel_crystal_altar, uniq_harold, uniq_maurice

Skill      XL: |  1  2  3  4  5  6  7  8  9 |
---------------+----------------------------+-----
Stealth        | 4 5 6 7 |  7.4
Dodging        | 1 2 3 |  3.7
Short Blades   | 2 3 4 5 6 7 |  7.0
Throwing       | 2 |  2.0
Fighting       | 3 4 |  4.0
Armour         | 2 3 |  3.0
Staves         | 1 |  1.6

Action                   |  1- 3 |  4- 6 |  7- 9 || total
-------------------------+-------+-------+-------++-------
Melee: Dagger            |   101 |   186 |   349 ||   636
       Headbutt          |       |    42 |    75 ||   117
       Quarterstaff      |       |       |    33 ||    33
Throw: Dart              |     5 |     6 |       ||    11
  Use: Scroll            |       |     4 |     1 ||     5
       Potion            |       |       |     3 ||     3
 Stab: Sleeping          |     8 |     8 |     9 ||    25
Armor: Robe              |    15 |    18 |       ||    33
       Leather armour    |       |    27 |   109 ||   136
Dodge: Dodged            |    56 |    80 |   211 ||   347

Table legend: (Time is in decaauts)
 A = Elapsed time spent in this place.
 B = Non-inter-level travel time spent in this place.
 C = Inter-level travel time spent in this place.
 D = Time resting spent in this place.
 E = Time spent auto-exploring this place.
 F = Levels seen in this place.
 G = Mean time per level.
                   A        B        C        D        E       F      G
               +--------+--------+--------+--------+--------+-----+--------+
         Total |   8307 |   7792 |    515 |    552 |   5459 |   9 |  923.0 |
       Dungeon |   7684 |   7169 |    515 |    552 |   5084 |   8 |  960.5 |
         Sewer |    622 |    622 |      0 |      0 |    374 |   1 |  622.0 |
               +--------+--------+--------+--------+--------+-----+--------+

Top non-repeatable levels by time:
     D:1: 1473 daAuts
     D:4: 1309 daAuts
     D:2: 1214 daAuts
     D:6: 935 daAuts
     D:7: 793 daAuts
     D:3: 790 daAuts
     D:5: 746 daAuts
   Sewer: 622 daAuts
     D:8: 421 daAuts
